 Dungeon Crawl Stone Soup version 0.32-a0-460-gc8eefc90e7 (webtiles) character file.

Game seed: 4602399576630034375

405 Amplified the Cudgeller (level 6, 0/52 HPs)
             Began as a Mountain Dwarf Wanderer on Feb 24, 2024.
             Slain by an iguana (5 damage)
             ... on level 5 of the Dungeon.
             The game lasted 00:09:55 (3367 turns).

Amplified the Cudgeller (Mountain Dwarf Wanderer)   Turns: 3367, Time: 00:09:56

Health: 0/52       AC: 11    Str: 18    XL:     6   Next: 56%
Magic:  6/8        EV:  7    Int: 13    God:
Gold:   205        SH:  0    Dex: 13    Spells: 3/8 levels left

rFire   . . .        e - +0 mace (flame)
rCold   . . .        (no shield)
rNeg    . . .        h - +0 chain mail
rPois   +            (no helmet)
rElec   .            d - +2 cloak
rCorr   .            (no gloves)
SInv    .            (no boots)
Will    .....        (no amulet) Stlth
                     j - +6 ring of dexterity
HPRegen 0.28/turn    i - ring of poison resistance
MPRegen 0.11/turn

%: no passive effects
@: no status effects
A: runic magic, artefact enchanting
a: no special abilities


You were on level 5 of the Dungeon.
You visited 1 branch of the dungeon, and saw 5 of its levels.
You also visited: Sewer.

You collected 205 gold pieces.

Inventory:

Hand Weapons
 a - a +0 club
 e - a +0 mace of flaming (weapon)
Armour
 c - an orb of guile
 d - a +2 cloak (worn)
 h - a +0 chain mail (worn)
Jewellery
 i - a ring of poison resistance (right hand)
 j - a +6 ring of dexterity (left hand)
 n - a +6 ring of dexterity
Talismans
 f - a storm talisman
Scrolls
 m - a scroll of enchant armour
 o - a scroll of vulnerability
Potions
 l - a potion of cancellation


   Skills:
 * Level 3.6 Fighting
 * Level 4.0 Maces & Flails
 - Level 1.0 Stealth
 * Level 1.7 Spellcasting
 - Level 2.1 Necromancy
 * Level 3.9 Fire Magic
 * Level 1.4 Alchemy
 - Level 3.1 Invocations
 - Level 3.2 Evocations


You had 3 spell levels left.
You knew the following spells:

 Your Spells              Type           Power      Damage    Failure   Level
a - Foxfire               Conj/Fire      24%        2x1d5     22%         1
b - Sticky Flame          Fire/Alch      8%         2d4       83%         4

Your spell library contained the following spells:

 Spells                   Type           Power      Damage    Failure   Level
 Kiss of Death            Conj/Necr      12%        2d6       30%         1
 Fugue of the Fallen      Necr           6%         N/A       50%         3
 Inner Flame              Hex/Fire       6%         N/A       54%         3
 Leda's Liquefaction      Alch/Erth      1%         N/A       98%         4
 Summon Forest            Summ/Tloc      0%         N/A       100%        5
 Haunt                    Necr/Summ      1%         N/A       100%        7
 Borgnjor's Revivificati  Necr           3%         N/A       100%        8
 Disjunction              Tloc           0%         N/A       100%        8
 Death's Door             Necr           3%         N/A       100%        9


Dungeon Overview and Level Annotations

Branches:
Dungeon (5/15)              Sewer (visited)
 Temple: D:4-7

Altars:

Annotations:
D:4 Pikel


Innate Abilities, Weirdness & Mutations

Your spellcasting is much less encumbered by armour.
You can use scrolls of enchantment on lesser artefacts.


Message History

The iguana hisses menacingly.
Unknown command.
Unknown command.
You closely miss the orc.
The foxfire hits the orc.
The orc is moderately wounded.
The orc hits you but does no damage.
Okay, then.
The orc hits you but does no damage.
Your magical contamination has completely faded away.
The orc attacks as it pursues you! The orc hits you with a +0 flail.
The orc attacks as it pursues you! The orc hits you but does no damage.
Okay, then.
Okay, then.
Okay, then.
Okay, then.
As you read the scroll of enchant armour, it crumbles to dust.
Your +1 cloak glows green for a while.
The orc completely misses you.
Unknown command.
Unknown command.
Found a scroll labelled GETOWOUTSI.
The orc attacks as it pursues you! The orc hits you but does no damage.
Okay, then.
Okay, then.
Okay, then.
Okay, then.
Found a potion of degeneration.
The orc attacks as it pursues you! The orc hits you but does no damage.
An ogre comes into view. It is wielding a +0 giant spiked club.
The ogre shouts!
The ogre hits you with a +0 giant spiked club.
The orc attacks as it pursues you! The orc barely misses you.
The iguana bites you!
* * * LOW HITPOINT WARNING * * *
The iguana bites you!
* * * LOW HITPOINT WARNING * * *
The iguana attacks as it pursues you!
The iguana bites you but does no damage.
The iguana attacks as it pursues you! The iguana barely misses you.
The iguana attacks as it pursues you! The iguana bites you.
You die...

#####...###.###.#....#
........# #.# #.#....#
...##.#.# #.###.##.#.#
## #.#.# #..........#
..#s# #####.##...#
####.# #.##...#######.
#†#######.##s..........
#..........l.o...#######
##########@###.#.#.....#
#.# #.O#......# #.#
#.###o....# .#?
##.#.!....# # #
##.#........ #.#########
#.. ####


You could see a scorpion, an iguana and an orc.

Vanquished Creatures
  2 bullfrogs (Sewer)
  A scorpion (D:5)
  An orc wizard (D:3)
  2 river rats (D:3)
  6 adders
  8 dart slugs
  7 orcs
  11 endoplasms
  11 giant cockroaches
  5 hobgoblins
  4 jackals (D:1)
  4 kobolds
  A quokka (D:1)
  10 ball pythons
  6 bats
  13 frilled lizards
  7 goblins
  7 rats
106 creatures vanquished.

Vanquished Creatures (others)
  A hobgoblin (D:4)
  49 foxfires
50 creatures vanquished.

Grand Total: 156 creatures vanquished

Notes
Turn   | Place    | Note
-------+----------+-------------------------------------------
     0 | D:1      | Amplified the Mountain Dwarf Wanderer began the quest for
                  | the Orb.
     0 | D:1      | Amplified set off with the following items: a +0 club, a
                  | scroll of teleportation, a +0 leather armour, a wand of
                  | flame (6); and the following spells available to memorise:
                  | Foxfire, Kiss of Death, Fugue of the Fallen, Inner Flame,
                  | Sticky Flame.
     0 | D:1      | Reached XP level 1. HP: 14/14 MP: 2/2
   195 | D:1      | Reached skill level 1 in Maces & Flails
   195 | D:1      | Reached XP level 2. HP: 13/22 MP: 3/3
   201 | D:1      | Reached skill level 1 in Fighting
   256 | D:1      | Found a faded altar of an unknown god.
   573 | D:1      | Learned a level 1 spell: Foxfire
   887 | D:2      | Reached XP level 3. HP: 28/28 MP: 4/4
  1384 | D:2      | Reached skill level 2 in Maces & Flails
  1820 | D:4      | Noticed a lemure
  1820 | D:4      | Noticed Pikel
  1882 | D:3      | Reached XP level 4. HP: 25/36 MP: 6/6
  1947 | D:3      | Learned a level 4 spell: Sticky Flame
  2172 | D:3      | Reached skill level 3 in Maces & Flails
  2226 | D:3      | Reached XP level 5. HP: 44/44 MP: 7/7
  2237 | D:3      | Found a glowing drain.
  2256 | Sewer    | Entered a sewer
  2641 | Sewer    | Reached skill level 1 in Alchemy
  2641 | Sewer    | Reached XP level 6. HP: 45/51 MP: 1/8
  2663 | Sewer    | Got Tautur's Incunable of the Hippogriff
  3186 | D:4      | Noticed a steam dragon
  3198 | D:5      | Entered Level 5 of the Dungeon
  3336 | D:5      | Reached skill level 4 in Maces & Flails
  3367 | D:5      | Slain by an iguana

Illustrated notes

Levels and vault maps discovered:
D:1:      co_arrival_square_in_a_square_in_a_square, layout_basic,
          hellmonk_ecumenical_altar_dog_temple, minmay_cupped
D:2:      layout_basic
D:3:      layout_basic, portal_sewer_entry_e, kennysheep_boxes
D:4:      layout_basic, minmay_misc_feat_tower, corexii_checkpoint,
          minmay_misc_feat_diagonals, minivault_5, uniq_pikel
D:5:      layout_loops_ring, minmay_bent

Skill      XL: |  1  2  3  4  5  6 |
---------------+-------------------+-----
Maces & Flails | 1 2 3 4 |  4.0
Fighting       | 1 2 3 |  3.6
Invocations    | 2 3 |  3.1
Fire Magic     | 3 |  3.9
Alchemy        | 1 |  1.4
Stealth        | |  1.0
Spellcasting   | |  1.7
Necromancy     | |  2.1
Evocations     | |  3.2

Action                     |  1- 3 |  4- 6 || total
---------------------------+-------+-------++-------
  Melee: Mace              |   138 |   178 ||   316
   Cast: Foxfire           |       |    31 ||    31
  Evoke: Wand              |     6 |       ||     6
    Use: Scroll            |     8 |     8 ||    16
         Potion            |     6 |     3 ||     9
   Stab: Sleeping          |     1 |       ||     1
 Armour: Leather armour    |    52 |       ||    52
         Chain mail        |    49 |   220 ||   269
         Skin              |    46 |    16 ||    62
  Dodge: Dodged            |    78 |   108 ||   186

Table legend: (Time is in decaauts)
 A = Elapsed time spent in this place.
 B = Non-inter-level travel time spent in this place.
 C = Inter-level travel time spent in this place.
 D = Time resting spent in this place.
 E = Time spent auto-exploring this place.
 F = Levels seen in this place.
 G = Mean time per level.
                   A        B        C        D        E       F      G
               +--------+--------+--------+--------+--------+-----+--------+
         Total |   3520 |   3412 |    108 |    199 |   1799 |   6 |  586.7 |
       Dungeon |   3013 |   2905 |    108 |    199 |   1698 |   5 |  602.6 |
         Sewer |    506 |    506 |      0 |      0 |    101 |   1 |  506.0 |
               +--------+--------+--------+--------+--------+-----+--------+

Top non-repeatable levels by time:
     D:3: 895 daAuts
     D:2: 886 daAuts
     D:1: 878 daAuts
   Sewer: 506 daAuts
     D:4: 182 daAuts
     D:5: 170 daAuts
